 Dungeon Crawl Stone Soup version 0.30-a0-1053-gbd8d5ba0ad (webtiles) character file.

Game seed: 5502785181605936317

1814 Charly the Cleaver (level 9, -3/86 HPs)
             Began as a Naga Berserker on Apr 11, 2023.
             Was a Believer of Trog.
             Slain by a killer bee (6 damage)
             ... on level 6 of the Dungeon.
             The game lasted 00:14:27 (5372 turns).

Charly the Cleaver (Naga Berserker)                 Turns: 5372, Time: 00:14:27

Health: -3/86      AC:  4    Str: 23    XL:     9   Next: 10%
Magic:  9/9        EV:  9    Int:  8    God:    Trog [**....]
Gold:   121        SH:  0    Dex: 11    Spells: 8/8 levels left

rFire   . . .      SeeInvis +    a - +1 hand axe
rCold   . . .      Faith    .    (no shield)
rNeg    . . .      Spirit   .    c - +0 leather armour {Will+}
rPois   +          Reflect  .    (no helmet)
rElec   .          Rampage  .    (no cloak)
rCorr   .                        (no gloves)
Will    ++...                    (no barding)
Stlth   +                        (no amulet)
HPRegen 0.34/turn                (no ring)
MPRegen 0.11/turn                (no ring)

@: lethally poisoned (-3 -> -9), very slow
A: AC +3, large, see invisible, deformed body, poison resistance, slowness 2,
spit poison 1, naga tail 1
a: Spit Poison, Renounce Religion, Berserk, Trog's Hand


You were on level 6 of the Dungeon.
You worshipped Trog.
Trog was pleased with you.
You visited 1 branch of the dungeon, and saw 6 of its levels.

You collected 324 gold pieces.
You spent 203 gold pieces at shops.

Inventory:

Hand Weapons
 a - a +1 hand axe (weapon)
Armour
 c - a +0 leather armour of willpower (worn)
Wands
 v - a wand of polymorph (6)
Scrolls
 g - a scroll of poison {unknown}
 h - a scroll of magic mapping
 i - a scroll of teleportation
 l - 2 scrolls of vulnerability
 m - 3 scrolls of enchant weapon
 p - 2 scrolls of blinking
 t - 2 scrolls of fog
 w - a scroll of enchant armour
Potions
 d - a potion of haste {unknown}
 f - 3 potions of flight
 j - 3 potions of curing
 k - 2 potions of cancellation
 o - a potion of heal wounds
 q - 2 potions of attraction
 r - a potion of resistance
 s - a potion of ambrosia
 u - a potion of mutation
 x - a potion of degeneration {unknown}


   Skills:
 + Level 7.2 Fighting
 * Level 9.9 Axes
 - Level 1.5 Armour
 - Level 1.5 Dodging


You had 8 spell levels left.
You didn't know any spells.
Your spell library was empty.

Dungeon Overview and Level Annotations

Branches:
Dungeon (6/15)             Temple (0/1) D:6

Altars:

Shops:
D:4 ?

Annotations:
D:6 Maggie


Innate Abilities, Weirdness & Mutations

Your serpentine skin is tough. (AC +3)
You have supernaturally acute eyesight. (SInv)
Armour fits poorly on your strangely shaped body.
Your system is resistant to poisons. (rPois)
You cover ground very slowly.
You can spit poison.
You have a snake-like lower body.


Message History

* * * LOW HITPOINT WARNING * * *
The killer bee stings you.
* * * LOW HITPOINT WARNING * * *
You feel much better. The killer bee completely misses you.
The killer bee stings you.
* * * LOW HITPOINT WARNING * * *
The killer bee closely misses you. The killer bee stings you!
* * * LOW HITPOINT WARNING * * *
The killer bee barely misses you. The killer bee closely misses you.
Magic scrolls do not work when you're silenced!
Unknown command.
You feel much better. The killer bee barely misses you.
The killer bee closely misses you. The killer bee stings you.
* * * LOW HITPOINT WARNING * * *
You are poisoned.
The killer bee poisons you! The killer bee barely misses you.
The killer bee misses you. The killer bee stings you.
* * * LOW HITPOINT WARNING * * *
The killer bee stings you.
* * * LOW HITPOINT WARNING * * *
The killer bee stings you but does no damage.
You feel better. The killer bee stings you.
* * * LOW HITPOINT WARNING * * *
The killer bee barely misses you. x3; The killer bee closely misses you.
The killer bee misses you. The killer bee stings you.
* * * LOW HITPOINT WARNING * * *
The killer bee stings you.
* * * LOW HITPOINT WARNING * * *
You are poisoned.
The killer bee poisons you! Maggie closely misses you.
Your magical effects are unravelling.
You feel magically purged.
You flicker back into view.
Your hearing returns.
You feel very sick. The killer bee stings you.
* * * LOW HITPOINT WARNING * * *
The killer bee stings you!
* * * LOW HITPOINT WARNING * * *
The killer bee stings you.
You die...

,,,,,,,,*,*####**#.#.#,..#***,*
,,,,,,,,*......###.#.#...# *,*
,,,,,,,,,....#.....#.#...* *,*
,,,,,,***..............,,* *,*
,,,,,,* #.....#....#.##***
*,*** ,,,,,,* #.....#'#.....#
*,,,, ,,,,,,*
#.......y@##..#**********
,,,,,,*
#......yyy#,..#*,>,,,,,,+
,,,,,,*
#......y@y#,..#*,********
,,,,,,* #.........#,..#*,* *
,,,,,***#.........#,.##*,* *
,,,,,,,*#........<#y..,,,* *
,,,,,,,*#........##<##**** *
*,,,,,,*#...))...#*** *
*,,,,,,*#..).....# *
********#..)).#### * ###.### *


You could see Maggie and 6 killer bees.

Vanquished Creatures
  Sigmund (D:4)
  Eustachio (D:4)
  A water moccasin (D:5)
  2 black bears (D:5)
  An ogre (D:5)
  A centaur (D:5)
  2 phantoms
  A kobold brigand (D:6)
  3 scorpions (D:5)
  2 hounds
  3 jellies
  Natasha (thrice) (D:2)
  2 iguanas (D:5)
  6 orc wizards
  Terence (D:2)
  4 gnolls (D:4)
  6 adders
  A white imp (D:5)
  3 worms
  2 dart slugs
  16 orcs
  7 ball pythons
  9 endoplasms
  7 giant cockroaches
  5 hobgoblins
  11 jackals
  2 quokkas
  5 bats
  5 frilled lizards
  4 goblins
  10 kobolds
  10 rats
137 creatures vanquished.

Notes
Turn   | Place    | Note
-------+----------+-------------------------------------------
     0 | D:1      | Charly the Naga Berserker began the quest for the Orb.
     0 | D:1      | Reached XP level 1. HP: 21/21 MP: 1/1
   238 | D:1      | Reached XP level 2. HP: 28/28 MP: 2/2
   600 | D:1      | Reached XP level 3. HP: 34/34 MP: 3/3
   756 | D:2      | Reached skill level 4 in Axes
   879 | D:2      | Noticed Terence
   890 | D:2      | Killed Terence
   891 | D:2      | Reached XP level 4. HP: 39/44 MP: 4/4
  1008 | D:2      | You fall into a shaft and drop 1 floor!
  1153 | D:2      | Noticed Natasha
  1158 | D:2      | Killed Natasha
  1164 | D:2      | Noticed Natasha
  1267 | D:2      | Killed Natasha
  1268 | D:2      | Reached XP level 5. HP: 50/50 MP: 5/5
  1293 | D:2      | Noticed Natasha
  1423 | D:2      | Killed Natasha
  1424 | D:2      | Reached skill level 5 in Axes
  1610 | D:2      | Found a faded altar of an unknown god.
  2188 | D:3      | Reached ** piety under Trog
  2600 | D:4      | Reached XP level 6. HP: 58/58 MP: 6/6
  2780 | D:4      | Noticed Sigmund
  2787 | D:4      | Killed Sigmund
  2788 | D:4      | Reached skill level 6 in Axes
  2937 | D:4      | Reached XP level 7. HP: 62/66 MP: 7/7
  2943 | D:4      | Reached skill level 5 in Fighting
  3170 | D:4      | Found Ecuoc's Magic Scroll Shop.
  3226 | D:4      | Bought a scroll of enchant armour for 82 gold pieces
  3226 | D:4      | Bought a scroll of vulnerability for 44 gold pieces
  3226 | D:4      | Bought a scroll of teleportation for 33 gold pieces
  3226 | D:4      | Bought a scroll of identify for 22 gold pieces
  3226 | D:4      | Bought a scroll of identify for 22 gold pieces
  3291 | D:4      | Noticed Eustachio
  3316 | D:4      | Killed Eustachio
  3317 | D:4      | Reached skill level 7 in Axes
  3755 | D:5      | Entered Level 5 of the Dungeon
  3819 | D:5      | Reached XP level 8. HP: 51/76 MP: 8/8
  4014 | D:5      | Reached skill level 8 in Axes
  4501 | D:5      | Reached skill level 9 in Axes
  5166 | D:6      | Reached XP level 9. HP: 86/86 MP: 9/9
  5347 | D:6      | Noticed Maggie
  5368 | D:6      | HP: 4/86 [killer bee (4)]
  5372 | D:6      | Slain by a killer bee

Illustrated notes

Levels and vault maps discovered:
D:1:      wander_arrival_peaceful_grave, layout_basic
D:2:      layout_rooms, hellmonk_ecumenical_altar_leap_of_faith,
          nrook_loot_triangle, uniq_terence, uniq_natasha
D:3:      layout_basic, portal_sewer_entry_a, minmay_crystal_water,
          roderic_serpentine_path, amcnicky_mini_pool_small
D:4:      layout_loops_ring, serial_shops, shop, uniq_sigmund, uniq_eustachio
D:5:      layout_basic
D:6:      layout_basic, regret_index_temple_of_mockery, temple_doors_ab,
          serial_shops, shop, minmay_misc_feat_five, nicolae_take_the_stairs,
          minmay_ogre_servants, uniq_grinder, uniq_maggie

Skill      XL: |  1  2  3  4  5  6  7  8 |
---------------+-------------------------+-----
Axes           | 4 5 6 7 9 |  9.9
Fighting       | 4 5 7 |  7.2
Armour         | |  1.5
Dodging        | |  1.5

Action                     |  1- 3 |  4- 6 |  7- 9 || total
---------------------------+-------+-------+-------++-------
  Melee: Hand axe          |    64 |   174 |   224 ||   462
         Punch             |       |     3 |     2 ||     5
  Throw: Throwing net      |       |       |     1 ||     1
 Invoke: Berserk           |     6 |     9 |    15 ||    30
         Trog's Hand       |       |     1 |     2 ||     3
Ability: Spit Poison       |    15 |    10 |    15 ||    40
    Use: Scroll            |     1 |     7 |    10 ||    18
         Potion            |       |       |     6 ||     6
   Stab: Invisible         |       |       |     3 ||     3
 Armour: Ring mail         |    15 |       |       ||    15
         Scale mail        |       |     6 |       ||     6
         Leather armour    |       |    32 |    68 ||   100
  Dodge: Dodged            |    16 |    86 |   126 ||   228

Table legend: (Time is in decaauts)
 A = Elapsed time spent in this place.
 B = Non-inter-level travel time spent in this place.
 C = Inter-level travel time spent in this place.
 D = Time resting spent in this place.
 E = Time spent auto-exploring this place.
 F = Levels seen in this place.
 G = Mean time per level.
                   A        B        C        D        E       F      G
               +--------+--------+--------+--------+--------+-----+--------+
         Total |   6883 |   6562 |    321 |   1008 |   3951 |   6 | 1147.2 |
       Dungeon |   6883 |   6562 |    321 |   1008 |   3951 |   6 | 1147.2 |
               +--------+--------+--------+--------+--------+-----+--------+

Top non-repeatable levels by time:
     D:5: 1870 daAuts
     D:4: 1486 daAuts
     D:1: 1231 daAuts
     D:3: 1229 daAuts
     D:2: 894 daAuts
     D:6: 171 daAuts
